 Dungeon Crawl Stone Soup version 0.21.1-1-g345015f (webtiles) character file.

35659 kae the Fencer (level 13, -9/118 HPs)
             Began as a Minotaur Fighter on June 18, 2018.
             Was a High Priest of Makhleb.
             Mangled by a komodo dragon (13 damage)
             ... on level 6 of the Lair of Beasts.
             The game lasted 00:14:05 (16487 turns).

kae the Fencer (Minotaur Fighter)                  Turns: 16487, Time: 00:14:05

Health: -9/118     AC: 11    Str: 26    XL:     13   Next: 48%
Magic:  28/28      EV: 16    Int:  8    God:    Makhleb [*****.]
Gold:   1000       SH:  0    Dex: 10    Spells: 12/12 levels left

rFire    . . .     SeeInvis .   N - +4 great sword
rCold    . . .     Gourm    .   (shield currently unavailable)
rNeg     . . .     Faith    .   b - +1 scale mail
rPois    +         Spirit   .   (helmet restricted)
rElec    .         Reflect  .   (no cloak)
rCorr    .         Harm     .   (no gloves)
MR       .....                  (no boots)
Stlth    ..........             (no amulet)
HPRegen  0.29/turn              l - ring of poison resistance
MPRegen  0.21/turn              Q - ring of the Octopus King {MP+9 AC+1 EV+1 Str+1 Int+1 Dex+1}

@: about to teleport, studying Stealth
A: retaliatory headbutt, horns 2
a: Minor Destruction, Lesser Servant of Makhleb, Major Destruction, Greater
Servant of Makhleb, Renounce Religion


You were on level 6 of the Lair of Beasts.
You worshipped Makhleb.
Makhleb was extremely pleased with you.
You were not hungry.

You visited 3 branches of the dungeon, and saw 16 of its levels.
You also visited: Ice Cave.

You collected 1075 gold pieces.
You spent 75 gold pieces at shops.

Inventory:

Hand Weapons
 a - a +1 long sword
 M - a +4 scimitar
 N - a +4 great sword (weapon)
Armour
 b - a +1 scale mail (worn)
 c - a +0 shield
Jewellery
 g - an uncursed ring of protection from cold
 k - a +4 ring of dexterity
 l - a ring of poison resistance (left hand)
 G - a +3 ring of dexterity
 H - an uncursed ring of ice
 J - an uncursed ring of ice
 O - an uncursed ring of protection from magic
 Q - a ring of the Octopus King (right hand) {MP+9 AC+1 EV+1 Str+1 Int+1 Dex+1}
   (You found it in an ice cave)

   [ring of magical power]

   It affects your AC (+1).
   It affects your evasion (+1).
   It affects your strength (+1).
   It affects your intelligence (+1).
   It affects your dexterity (+1).
   It affects your magic capacity (+9).
 U - an uncursed ring of protection from cold
 W - an uncursed ring of protection from cold
Wands
 x - a wand of digging (8)
 E - a wand of flame (43)
 F - a wand of iceblast (8)
 I - a wand of acid (1)
 P - a wand of paralysis (10)
 R - a wand of polymorph (7)
 S - a wand of random effects (62)
Scrolls
 j - 8 scrolls of teleportation
 n - 2 scrolls of remove curse
 p - a scroll of amnesia
 v - 2 scrolls of fog
 z - a scroll of enchant weapon
 A - 3 scrolls of fear
 C - 2 scrolls of enchant armour
 L - 2 scrolls of identify
Potions
 d - a potion of might
 h - 2 potions of mutation
 i - 5 potions of curing
 o - 3 potions of heal wounds
 q - a potion of magic
 r - a potion of invisibility
 s - 5 potions of flight
 t - 2 potions of haste
 B - 4 potions of brilliance
 K - a potion of cancellation
Books
 e - a book of Frost

   Spells                             Type                      Level
   a - Freeze                         Ice                          1
   b - Throw Frost                    Conjuration/Ice              2
   c - Ozocubu's Armour               Charms/Ice                   3
   d - Throw Icicle                   Conjuration/Ice              4
   e - Summon Ice Beast               Ice/Summoning                4
 u - a book of Cantrips

   Spells                             Type                      Level
   a - Confusing Touch                Hexes                        1
   b - Animate Skeleton               Necromancy                   1
   c - Summon Small Mammal            Summoning                    1
   d - Apportation                    Translocation                1
 w - a manual of Stealth
 y - a book of Misfortune

   Spells                             Type                      Level
   a - Confusing Touch                Hexes                        1
   b - Confuse                        Hexes                        3
   c - Gell's Gravitas                Translocation                3
   d - Petrify                        Transmutation/Earth          4
   e - Metabolic Englaciation         Hexes/Ice                    5
   f - Yara's Violent Unravelling     Hexes/Transmutation          5
 D - a book of Alchemy

   Spells                             Type                      Level
   a - Sublimation of Blood           Necromancy                   2
   b - Ignite Poison                  Fire/Transmutation/Poison    3
   c - Petrify                        Transmutation/Earth          4
   d - Alistair's Intoxication        Transmutation/Poison         5
   e - Irradiate                      Conjuration/Transmutation    5
 T - a book of Ice

   Spells                             Type                      Level
   a - Ice Form                       Ice/Transmutation            4
   b - Metabolic Englaciation         Hexes/Ice                    5
   c - Ozocubu's Refrigeration        Ice                          6
   d - Bolt of Cold                   Conjuration/Ice              6
   e - Freezing Cloud                 Conjuration/Ice/Air          6
   f - Simulacrum                     Ice/Necromancy               6
 V - the Catalogue of Helpful Poisoning
   (You found it in an ice cave)

   Spells                             Type                      Level
   a - Infusion                       Charms                       1
   b - Sting                          Conjuration/Poison           1
   c - Shroud of Golubria             Charms/Translocation         2
   d - Regeneration                   Charms/Necromancy            3
   e - Excruciating Wounds            Charms/Necromancy            5
   f - Alistair's Intoxication        Transmutation/Poison         5
Comestibles
 f - 32 rations


   Skills:
 + Level 12.0 Fighting
 * Level 15.6 Long Blades
 + Level 11.9 Armour
 + Level 10.5 Dodging
 - Level 3.6 Shields
 * Level 9.5 Invocations


You had 12 spell levels left.
You didn't know any spells.

Dungeon Overview and Level Annotations

Branches:
Dungeon (11/15)            Temple (1/1) D:6            Lair (3/6) D:10
  Swamp (0/4) Lair:3        Snake (0/4) Lair:3          Orc (0/2) D:10

Altars:
Ashenzari
Cheibriados
Dithmenos
Elyvilon
Fedhas
Gozag
Hepliaklqana
Kikubaaqudgha
Makhleb
Nemelex Xobeh
Okawaru
Qazlal
Ru
Sif Muna
Uskayaw
Vehumet
Wu Jian
Xom
Yredelemnul
Zin
The Shining One

Shops:
D:5 [*

Annotations:
Lair:6 1 runed door


Innate Abilities, Weirdness & Mutations

You reflexively headbutt those who attack you in melee.
You have a pair of horns on your head.


Message History

You headbutt the hell hound. You hit the komodo dragon.
You headbutt the komodo dragon, but do no damage.
The komodo dragon is severely wounded.
The hell hound breathes flames at you. The blast of flame misses you.
The komodo dragon bites you! The komodo dragon bites you!!
The molten gargoyle blasts magma at you!
The bolt of magma hits you!
* * * LOW HITPOINT WARNING * * *
You are too injured to fight recklessly!
As you read the scroll of teleportation, it crumbles to dust.
You feel strangely unstable. The hell hound closely misses you.
The komodo dragon misses you.
The molten gargoyle hits you with a mace!
* * * LOW HITPOINT WARNING * * *
You are engulfed in flames!
* * * LOW HITPOINT WARNING * * *
The komodo dragon bites you!
You die...

#+ ## ##.. #
.#≈#... ##.
.#≈#... #...
.§§#. .....##
≈§§#
.....hh#§§≈##
.....hl@§§≈≈#
###...9l.#§≈≈≈≈
##.....§§ ≈≈≈
#.#8..#..# ≈ #
###8##§.# ###
§.# .. #..


You could see 2 komodo dragons, a molten gargoyle and 3 hell hounds.

Vanquished Creatures
  A frost giant (IceCv)
  Erolcha (D:10)
  Fannar (D:10)
  2 two-headed ogres
  A death yak (IceCv)
  An unseen horror (D:11)
  A necromancer (D:10)
  Pikel (D:8)
  An ugly thing (D:11)
  A cyclops (D:11)
  4 oklob plants (Lair:1)
  4 elephants
  An ice statue (IceCv)
  A black mamba (Lair:2)
  A centaur zombie (D:11)
  A gargoyle (D:11)
  6 spiny frogs
  8 komodo dragons
  2 rime drakes (Lair:3)
  2 trolls
  11 polar bears (IceCv)
  Prince Ribbit (D:9)
  3 hippogriffs
  A wraith (D:10)
  4 wyverns
  41 yaks
  4 hogs (D:10)
  4 hungry ghosts
  2 steam dragons
  A human (D:10)
  Edmund (D:4)
  A hell hound (Lair:6)
  4 water moccasins
  6 porcupines
  An orc warrior (D:11)
  2 black bears
  5 ice beasts
  6 sky beasts
  3 slaves (D:8)
  3 ogres
  A phantom (D:11)
  An eye of draining (D:11)
  A necrophage (D:11)
  18 wolves
  6 centaurs
  6 crocodiles
  A big kobold (D:10)
  12 bullfrogs
  4 scorpions
  2 troll zombies (D:10)
  9 killer bees
  6 wights (D:11)
  An electric eel (Lair:3)
  6 crimson imps
  4 orc priests
  2 jellies
  5 orc wizards
  2 bullfrog skeletons
  7 hounds
  3 iguanas
  A centaur skeleton (D:6)
  Natasha (thrice) (D:4)
  Terence (D:2)
  4 polar bear simulacra (D:10)
  4 worker ants
  3 yak simulacra (D:10)
  A wolf simulacrum (D:10)
  4 ogre zombies (D:10)
  Robin (D:4)
  2 howler monkey skeletons
  11 adders
  2 shadow imps
  An ooze (D:4)
  3 adder skeletons
  2 worms
  2 dart slugs (D:1)
  6 leopard geckos
  37 orcs
  4 giant cockroaches
  12 goblins
  18 hobgoblins
  10 jackals
  9 kobolds
  A quokka (D:2)
  4 ball pythons
  2 bats (D:1)
  3 frilled lizards
  2 goblin skeletons (D:10)
  A goblin zombie (D:10)
  2 hobgoblin skeletons (D:10)
  A jackal skeleton (D:4)
  A leopard gecko skeleton (D:7)
  A leopard gecko zombie (D:7)
  14 orc zombies (D:10)
  A quokka zombie (D:5)
  12 rats
  3 river rat simulacra (D:10)
431 creatures vanquished.

Vanquished Creatures (collateral kills)
  A hydra (D:11)
  A troll (D:11)
  2 wights (D:11)
4 creatures vanquished.

Vanquished Creatures (others)
  2 polar bears (IceCv)
  A fungus (Lair:3)
  A plant (Lair:3)
4 creatures vanquished.

Grand Total: 439 creatures vanquished

Notes
Turn   | Place    | Note
-------+----------+-------------------------------------------
     0 | D:1      | kae the Minotaur Fighter began the quest for the Orb.
     0 | D:1      | Reached XP level 1. HP: 19/19 MP: 0/0
    71 | D:1      | Reached XP level 2. HP: 27/27 MP: 1/1
   131 | D:1      | Reached skill level 3 in Long Blades
   168 | D:1      | Reached skill level 1 in Dodging
   236 | D:1      | Reached XP level 3. HP: 23/33 MP: 2/2
   785 | D:2      | Noticed Terence
   789 | D:2      | Killed Terence
   789 | D:2      | Reached XP level 4. HP: 32/40 MP: 3/3
   811 | D:2      | You fall through a shaft!
  1080 | D:2      | Reached skill level 4 in Long Blades
  1843 | D:3      | Reached XP level 5. HP: 47/47 MP: 4/4
  1950 | D:4      | Found a radiant altar of Vehumet.
  1950 | D:4      | Noticed Edmund
  1966 | D:4      | Killed Edmund
  1966 | D:4      | Reached skill level 5 in Long Blades
  1967 | D:4      | HP: 1/47 [poisoned by Edmund]
  2256 | D:4      | Reached XP level 6. HP: 46/55 MP: 5/5
  2259 | D:4      | Reached skill level 5 in Fighting
  2500 | D:4      | Reached skill level 5 in Armour
  2617 | D:4      | Noticed Natasha
  2622 | D:4      | Noticed Robin
  2637 | D:4      | Killed Natasha
  2643 | D:4      | Killed Robin
  2755 | D:4      | Noticed Natasha
  2766 | D:4      | Killed Natasha
  2791 | D:4      | Noticed Natasha
  2801 | D:4      | Killed Natasha
  3079 | D:5      | Entered Level 5 of the Dungeon
  3099 | D:5      | Reached skill level 6 in Long Blades
  3208 | D:5      | You fall through a shaft!
  3213 | D:6      | Reached XP level 7. HP: 56/61 MP: 6/6
  3368 | D:5      | Found Xifoag's Armour Emporium.
  3575 | D:5      | Reached skill level 7 in Long Blades
  3723 | D:5      | Found Ibadwes's Assorted Antiques.
  3735 | D:5      | Bought a scroll labeled GAYZACUETO for 25 gold pieces
  3735 | D:5      | Bought a scroll labeled NEIFISA FUA for 25 gold pieces
  3735 | D:5      | Bought a scroll labeled BEYWOEKKEGH for 25 gold pieces
  3841 | D:5      | Found an ornate altar of the Wu Jian Council.
  4057 | D:6      | Reached XP level 8. HP: 68/70 MP: 7/7
  4155 | D:6      | Found a staircase to the Ecumenical Temple.
  4161 | D:6      | Reached skill level 8 in Long Blades
  4168 | Temple   | Entered the Ecumenical Temple
  4332 | Temple   | Became a worshipper of Makhleb the Destroyer
  4556 | D:6      | Reached skill level 5 in Dodging
  4923 | D:6      | Reached skill level 9 in Long Blades
  5037 | D:7      | Reached XP level 9. HP: 56/79 MP: 8/8
  5685 | D:7      | Reached * piety under Makhleb
  5724 | D:7      | Reached skill level 10 in Long Blades
  6267 | D:8      | Noticed Pikel
  6305 | D:8      | Killed Pikel
  7159 | D:9      | Reached ** piety under Makhleb
  7368 | D:9      | Reached skill level 11 in Long Blades
  7547 | D:9      | Reached XP level 10. HP: 90/90 MP: 9/9
  7702 | D:9      | Noticed Prince Ribbit
  7965 | D:9      | Killed Prince Ribbit
  8086 | D:10     | Entered Level 10 of the Dungeon
  8215 | D:10     | Found a staircase to the Lair.
  8215 | D:10     | Noticed an elephant
  8249 | D:10     | Killed an elephant
  8598 | D:10     | Reached skill level 12 in Long Blades
  8680 | D:10     | Reached skill level 1 in Invocations
  8693 | D:10     | Noticed Fannar
  8717 | D:10     | Killed Fannar
  8953 | D:10     | Found a staircase to the Orcish Mines.
  9010 | D:10     | Noticed Erolcha
  9015 | D:10     | Reached *** piety under Makhleb
  9026 | D:10     | Killed Erolcha
  9026 | D:10     | Reached XP level 11. HP: 77/99 MP: 10/12
  9530 | D:10     | Noticed a two-headed ogre
  9534 | D:10     | Killed a two-headed ogre
  9608 | D:10     | Noticed a necromancer
  9615 | D:10     | Killed a necromancer
  9615 | D:10     | Reached skill level 10 in Fighting
  9615 | D:10     | Reached skill level 13 in Long Blades
  9743 | D:10     | Reached skill level 10 in Armour
  9940 | D:11     | Noticed a red ugly thing
  9955 | D:11     | Killed a red ugly thing
 10373 | D:11     | Reached **** piety under Makhleb
 10648 | D:11     | Noticed an eight-headed hydra
 10657 | D:11     | Killed an eight-headed hydra
 10657 | D:11     | Reached skill level 5 in Invocations
 10890 | D:11     | Noticed a two-headed ogre
 10895 | D:11     | Killed a two-headed ogre
 11144 | D:11     | Killed an unseen horror
 11158 | D:11     | Reached XP level 12. HP: 26/108 MP: 15/15
 11827 | Lair:1   | Entered Level 1 of the Lair of Beasts
 12500 | Lair:1   | Reached skill level 14 in Long Blades
 14608 | Lair:3   | Found a staircase to the Snake Pit.
 14625 | Lair:3   | Found a frozen archway.
 14629 | Lair:3   | Reached ***** piety under Makhleb
 14634 | Lair:3   | Reached skill level 10 in Dodging
 14685 | IceCv    | Entered an ice cave
 14730 | IceCv    | Found the ring of the Octopus King
 14734 | IceCv    | Reached skill level 15 in Long Blades
 14739 | IceCv    | Got a ring of the Octopus King
 14741 | IceCv    | Identified a ring of the Octopus King {MP+9 AC+1 EV+1 Str+1 Int+1 Dex+1} (You found it in an ice cave)
 14764 | IceCv    | Reached XP level 13. HP: 108/116 MP: 18/18
 15034 | IceCv    | Noticed a frost giant
 15055 | IceCv    | Killed a frost giant
 15579 | IceCv    | Identified the Catalogue of Helpful Poisoning
 15808 | Lair:3   | Found a staircase to the Swamp.
 16479 | Lair:3   | You fall through a shaft for 3 floors!
 16479 | Lair:6   | Entered Level 6 of the Lair of Beasts
 16479 | Lair:6   | Found a large runed door.
 16487 | Lair:6   | HP: 4/118 [molten gargoyle/mace (13)]
 16487 | Lair:6   | Mangled by a komodo dragon

Skill      XL: |  1  2  3  4  5  6  7  8  9 10 11 12 13 |
---------------+----------------------------------------+-----
Long Blades    | 3 4 5 6 7 9 11 12 13 15 | 15.6
Dodging        | 1 2 3 4 5 6 8 9 10 | 10.5
Fighting       | 4 5 6 7 8 9 10 11 12 | 12.0
Armour         | 4 5 6 7 8 9 10 11 | 11.9
Invocations    | 3 6 8 9 |  9.5
Shields        | |  3.6

Action                   |  1- 3 |  4- 6 |  7- 9 | 10-12 | 13-15 || total
-------------------------+-------+-------+-------+-------+-------++-------
Melee: Long sword        |    64 |   155 |   290 |   426 |       ||   935
       Headbutt          |     6 |    29 |    55 |   191 |    36 ||   317
       Great sword       |       |       |       |   260 |   163 ||   423
Invok: Minor Destruction |       |       |       |     1 |       ||     1
       Lesser Servant of |       |       |       |     4 |       ||     4
Evoke: Wand              |       |       |       |    14 |       ||    14
  Use: Scroll            |       |    10 |     6 |     6 |     3 ||    25
       Potion            |       |     2 |     1 |     2 |     3 ||     8
 Stab: Distracted        |       |       |       |     1 |       ||     1
       Invisible         |       |       |       |       |     2 ||     2
  Eat: Chunk             |       |     8 |    10 |    19 |     6 ||    43
       Ration            |       |       |     1 |     3 |       ||     4
Armor: Scale mail        |    28 |    54 |    81 |   148 |    56 ||   367
       Skin              |       |       |     5 |       |       ||     5
Dodge: Dodged            |    19 |    39 |    85 |   315 |   142 ||   600
Block: Shield            |    24 |    61 |   125 |   152 |       ||   362
       Rpst.: Long sword |     2 |    12 |    31 |    31 |       ||    76
       Great sword       |       |       |       |    43 |    31 ||    74
